 Dungeon Crawl Stone Soup version 0.26.1-2-gb8aa6d0cf2 (webtiles) character file.

Game seed: 14426232883034244287

48 axecop the Unweaver (level 3, 0/29 HPs)
             Began as a Demonspawn Abyssal Knight on Feb 15, 2021.
             Was a Follower of Lugonu.
             Succumbed to an adder's poison
             ... on level 2 of the Dungeon.
             The game lasted 00:02:56 (2316 turns).

axecop the Unweaver (Demonspawn Abyssal Knight)     Turns: 2316, Time: 00:02:57

Health: 0/29       AC:  3    Str: 13    XL:     3   Next: 50%
Magic:  0/5        EV: 11    Int: 13    God:    Lugonu [*.....]
Gold:   47         SH:  0    Dex: 12    Spells: 2/2 levels left

rFire    . . .     SeeInvis .   a - +1 mace
rCold    . . .     Faith    +   (no shield)
rNeg     . . .     Spirit   +   b - +0 leather armour
rPois    .         Reflect  .   (no helmet)
rElec    .         Harm     .   (no cloak)
rCorr    .         Rampage  .   (no gloves)
Will     .....                  (no boots)
Stlth    +.........             f - amulet of faith
HPRegen  0.09/turn              (no ring)
MPRegen  0.09/turn              (no ring)

@: lethally poisoned (0 -> -2), very slightly contaminated, invisible (expiring)
A: magic shield, miasma immunity
a: Renounce Religion, Depart the Abyss


You were on level 2 of the Dungeon.
You worshipped Lugonu.
Lugonu was aware of your devotion.
You visited 1 branch of the dungeon, and saw 2 of its levels.
You visited the Abyss 1 time.

You collected 47 gold pieces.

Inventory:

Hand Weapons
 a - a +1 mace (weapon)
Armour
 b - a +0 leather armour (worn)
 l - a +0 scale mail
Jewellery
 f - an amulet of faith (around neck)
Scrolls
 d - a scroll of teleportation {unknown}
 e - a scroll of identify
 g - 4 scrolls of remove curse
 h - a scroll of amnesia {unknown}
 i - a scroll of immolation {unknown}
 j - a scroll of enchant armour {unknown}
 k - a scroll of fog
Potions
 c - a potion of invisibility


   Skills:
 - Level 3.0 Fighting
 * Level 3.1 Maces & Flails
 - Level 1.7 Armour
 - Level 0.8 Dodging
 + Level 3.4 Invocations


You had 2 spell levels left.
You didn't know any spells.
Your spell library was empty.

Dungeon Overview and Level Annotations

Branches:
Dungeon (2/15)

Altars:

Annotations:
D:1 exclusion: downstairs
D:2 Sigmund


Innate Abilities, Weirdness & Mutations

When hurt, damage is shared between your health and your magic reserves.
You are immune to miasma.


Message History

You hit the adder but do no damage.
The adder is almost dead.
You flicker for a moment.
The adder bites you. The adder misses you.
Unknown command.
You barely miss the adder.
The adder is almost dead.
The adder bites you.
* * * LOW HITPOINT WARNING * * *
The adder barely misses you.
Unknown command.
You completely miss the adder.
The adder is almost dead.
The adder closely misses you.
Unknown command.
You catch the helpless adder completely off-guard!
You hit the adder.
You kill the adder!
Lugonu accepts your kill.
You die...

#
#.####.######.
####.### ## #.
# #......## #.
#.###.##.##.#
##'
.....#..####
##..
####..#.####
##...
#..........##
##....
#§#####.#...#
#.....
#§§§@§§.....#
#.....
#..§#####§#...#
#..... ##
...b.....##....
......... ##...
.......... ##..
.......... ##'
#.......... #.
....... ##. #..


There were no monsters in sight!

Vanquished Creatures
  An adder (D:2)
  An ooze (D:1)
  3 dart slugs (D:1)
  2 ball pythons
  2 giant cockroaches (D:1)
  5 goblins
  6 hobgoblins (D:1)
  5 bats
  4 frilled lizards
  5 kobolds
  2 rats
36 creatures vanquished.

Vanquished Creatures (others)
  2 starspawn tentacles (Abyss:1)
2 creatures vanquished.

Grand Total: 38 creatures vanquished

Notes
Turn   | Place    | Note
-------+----------+-------------------------------------------
     0 | Abyss:1  | axecop the Demonspawn Abyssal Knight began the quest for
                  | the Orb.
     0 | Abyss:1  | Reached XP level 1. HP: 18/18 MP: 2/2
    46 | Abyss:1  | Noticed a tentacled starspawn
    55 | Abyss:1  | Noticed a hellwing
    59 | D:1      | Escaped the Abyss
   896 | D:1      | Gained mutation: You are immune to miasma. [demonic
                  | ancestry]
   896 | D:1      | Reached XP level 2. HP: 22/24 MP: 4/4
   931 | D:1      | Reached * piety under Lugonu
  1360 | D:1      | Gained mutation: When hurt, damage is shared between your
                  | health and your magic reserves. [demonic ancestry]
  1360 | D:1      | Reached XP level 3. HP: 29/29 MP: 5/5
  1741 | D:2      | Noticed Sigmund
  2312 | D:2      | HP: 1/29 [poisoned by an adder]
  2316 | D:2      | Succumbed to an adder's poison

Illustrated notes

Levels and vault maps discovered:
D:1:      heliophobic_arrival_battle_scene, layout_basic
D:2:      layout_loops_corners, chequers_ecumenical_altar_twisty, uniq_sigmund

Skill      XL: |  1  2  3 |
---------------+----------+-----
Maces & Flails | 2 3 |  3.1
Invocations    | 3 |  3.4
Fighting       | |  3.0
Armour         | |  1.7
Dodging        | |  0.8

Action                   || total
-------------------------++-------
Melee: Mace              ||   109
Invok: Depart the Abyss  ||     1
  Use: Scroll            ||     2
       Potion            ||     1
 Stab: Invisible         ||     2
Armor: Leather armour    ||    30
Dodge: Dodged            ||    91
